 Dungeon Crawl Stone Soup version 0.31.0-9-g3a7656b989 (webtiles) character file.

Game seed: 1870708265573473540

14406 Marvel the Severer (level 12, -2/178 HPs)
             Began as a Hill Orc Fighter on Feb 2, 2024.
             Was an Elder of Trog.
             Slain by a slime creature (9 damage)
             ... on level 12 of the Dungeon.
             The game lasted 00:12:54 (12995 turns).

Marvel the Severer (Hill Orc Fighter)              Turns: 12995, Time: 00:12:55

Health: -2/178     AC: 11    Str: 36    XL:     12   Next: 16%
Magic:  12/12      EV:  8    Int:  8    God:    Trog [****..]
Gold:   711        SH:  4    Dex: 10    Spells: 11/11 levels left

rFire   . . .        B - +5 war axe
rCold   . . .        c - +0 buckler
rNeg    . . .        s - +0 plate armour
rPois   .            (no helmet)
rElec   .            (no cloak)
rCorr   .            (no gloves)
SInv    .            (no boots)
Will    .....        M - amulet of magic regeneration Stlth
                     o - +6 ring of strength
HPRegen 0.49/turn    L - +6 ring of strength
MPRegen 0.53/turn

%: no passive effects
@: berserking (expiring), studying Unarmed Combat, very quick
A: no striking features
a: Renounce Religion, Berserk, Trog's Hand, Brothers in Arms


You were on level 12 of the Dungeon.
You worshipped Trog.
Trog was greatly pleased with you.
You visited 2 branches of the dungeon, and saw 13 of its levels.

You collected 711 gold pieces.

Inventory:

Hand Weapons
 y - a +1 short sword of flaming
 B - a +5 war axe (weapon)
 E - a +0 war axe of distortion
Missiles
 e - 24 poisoned darts (quivered)
 l - 15 curare-tipped darts
Armour
 b - a +0 scale mail
 c - a +0 buckler (worn)
 s - a +0 plate armour (worn)
Jewellery
 o - a +6 ring of strength (left hand)
 p - a ring of poison resistance
 J - a +6 ring of strength
 K - a ring of protection from cold
 L - a +6 ring of strength (right hand)
 M - an amulet of magic regeneration (around neck)
Wands
 A - a wand of paralysis (23)
 F - a wand of polymorph (5)
Scrolls
 a - a scroll of fog
 f - 13 scrolls of identify {unknown}
 g - 4 scrolls of noise {unknown}
 k - 2 scrolls of amnesia {unknown}
 n - 8 scrolls of teleportation {unknown}
 q - 3 scrolls of brand weapon {unknown}
 r - a scroll of revelation {unknown}
 t - a scroll of poison {unknown}
 D - 2 scrolls of enchant weapon
 H - a scroll of silence {unknown}
 I - 4 scrolls of enchant armour {unknown}
Potions
 d - 2 potions of might
 h - 4 potions of curing {unknown}
 i - a potion of enlightenment {unknown}
 j - 3 potions of cancellation {unknown}
 m - 2 potions of lignification {unknown}
 u - 2 potions of haste {unknown}
 v - 5 potions of degeneration {unknown}
 w - a potion of attraction {unknown}
 x - 4 potions of heal wounds {unknown}
 z - 3 potions of berserk rage {unknown}
 C - a potion of magic {unknown}
 G - a potion of brilliance


   Skills:
 + Level 15.0 Fighting
 + Level 18.8 Axes
 + Level 1.2 Throwing
 - Level 3.2 Armour
 - Level 3.2 Shields
 + Level 0.2 Evocations


You had 11 spell levels left.
You didn't know any spells.
Your spell library was empty.

Dungeon Overview and Level Annotations

Branches:
Dungeon (12/15)            Temple (0/1) D:7            Lair (1/5) D:10
    Orc (0/2) D:10

Altars:
Ashenzari
Dithmenos
Elyvilon
Hepliaklqana
Kikubaaqudgha
Makhleb
Nemelex Xobeh
Okawaru
Trog
Vehumet
Jiyva

Annotations:
D:4 2 transporters, Kass's ghost, amateur OpAl
D:12 P0WERM0DE's ghost, journeyman DrFE


Message History

* * * LOW HITPOINT WARNING * * *
You slice the frost giant!!
You kill the frost giant!
Trog accepts your kill.
Trog appreciates your killing of a magic user.
You miss P0WERM0DE's ghost. You slice P0WERM0DE's ghost!!
P0WERM0DE's ghost is moderately damaged.
P0WERM0DE's ghost barely misses you.
You miss P0WERM0DE's ghost.
P0WERM0DE's ghost is moderately damaged.
You slice the tengu warrior!! You slice P0WERM0DE's ghost!!
P0WERM0DE's ghost is heavily damaged.
You miss the tengu warrior. The tengu warrior closely misses you.
You block the tengu warrior's attack. x2; P0WERM0DE's ghost hits you!
* * * LOW HITPOINT WARNING * * *
Okay, then.
You barely miss P0WERM0DE's ghost.
P0WERM0DE's ghost is heavily damaged.
You slash the tengu warrior! The tengu warrior slips past you!
The tengu warrior hits you but does no damage.
You block the tengu warrior's attack.
The tengu warrior claws you but does no damage.
You block P0WERM0DE's ghost's attack.
You closely miss P0WERM0DE's ghost.
P0WERM0DE's ghost is heavily damaged.
You slash the tengu warrior!
You kill the tengu warrior!
Trog accepts your kill.
You slice the slime creature!!
Your Fighting skill increases to level 15!
You hit P0WERM0DE's ghost but do no damage.
P0WERM0DE's ghost is heavily damaged.
You slash the slime creature! You slash P0WERM0DE's ghost!
P0WERM0DE's ghost is severely damaged.
You hit the slime creature. You block P0WERM0DE's ghost's attack.
The slime creature hits you!
You die...

#......................#..
#....................#.#..
#..###.#..#########..#.#..
#......#..#.......#..#.#..
#......#..#.....$.#....##'
#.....##..'.....}.#.......
#.###.##.T'.....=.#.......
#.# #....WJ.....!.#.......
#.###.##.@#.......#.......
#.....##).#.......#.....<.
#.....##..#########..#####
#....)##..................
#.##))##..................
#.##..#########.##........
#.....#########.##........
#........................=
#......###...##...........


You could see a slime creature, a troll and P0WERM0DE's ghost.

Vanquished Creatures
  A frost giant (D:12)
  The ghost of HourglassMan the Mimic, a journeyman DrFE of Vehumet (D:10)
  4 two-headed ogres
  A tengu warrior (D:12)
  A deep elf pyromancer (D:12)
  Maurice (D:7)
  A gargoyle (D:12)
  Maggie (D:9)
  3 kobold demonologists
  2 trolls
  A hornet (D:10)
  2 slime creatures (D:10)
  3 shadows
  2 wyverns
  3 yaks (D:11)
  4 wraiths
  A steam dragon (D:8)
  Menkaure (D:7)
  8 vampire mosquitoes
  Duvessa (D:7)
  2 acid dragons
  2 water moccasins (D:6)
  2 orc warriors
  2 sky beasts (D:6)
  A black bear (D:7)
  An ice beast (D:5)
  2 ogres
  3 phantoms
  3 kobold brigands
  2 bullfrogs
  2 gnoll sergeants
  2 scorpions
  3 wights (D:7)
  Dowan (D:7)
  11 killer bees
  3 howler monkeys
  A bombardier beetle (D:5)
  4 jellies
  4 orc priests
  A hound (D:4)
  3 gnoll boudas
  Ijyb (D:5)
  7 iguanas
  6 orc wizards
  22 gnolls
  6 adders
  2 shadow imps
  2 white imps
  4 ufetubi (D:7)
  3 dart slugs
  3 ribbon worms
  27 orcs
  8 endoplasms
  A giant cockroach (D:4)
  5 goblins
  8 hobgoblins
  6 jackals (D:4)
  19 kobolds
  2 quokkas
  2 ball pythons
  3 bats
  7 frilled lizards
  6 rats
247 creatures vanquished.

Notes
Turn   | Place    | Note
-------+----------+-------------------------------------------
     0 | D:1      | Marvel the Hill Orc Fighter began the quest for the Orb.
     0 | D:1      | Reached XP level 1. HP: 19/19 MP: 1/1
   270 | D:1      | Reached skill level 3 in Axes
   343 | D:1      | Reached XP level 2. HP: 27/27 MP: 2/2
   687 | D:1      | Found a faded altar of an unknown god.
   790 | D:1      | Prayed at the altar of an unknown god.
   790 | D:1      | Became a worshipper of Trog the Wrathful
   790 | D:1      | Reached * piety under Trog
  1171 | D:2      | Reached XP level 3. HP: 26/34 MP: 3/3
  1363 | D:2      | Found a shadowy altar of Dithmenos.
  1807 | D:2      | Reached skill level 4 in Axes
  1948 | D:3      | Reached XP level 4. HP: 41/41 MP: 4/4
  1960 | D:3      | Reached skill level 5 in Fighting
  2352 | D:3      | Reached ** piety under Trog
  2509 | D:3      | Found an iron altar of Okawaru.
  2610 | D:3      | Reached skill level 5 in Axes
  2846 | D:4      | Found a transporter.
  2851 | D:4      | Noticed Kass's ghost (amateur OpAl)
  2865 | D:4      | Found a transporter.
  2891 | D:4      | Reached XP level 5. HP: 38/48 MP: 5/5
  3211 | D:4      | Reached skill level 6 in Axes
  3381 | D:4      | Reached XP level 6. HP: 56/56 MP: 6/6
  3520 | D:4      | Found a burning altar of Makhleb.
  3700 | D:4      | Reached skill level 7 in Axes
  3782 | D:5      | Entered Level 5 of the Dungeon
  3825 | D:5      | Reached skill level 8 in Axes
  3825 | D:5      | Reached XP level 7. HP: 11/63 MP: 7/7
  4036 | D:5      | Found a white marble altar of Elyvilon.
  4219 | D:5      | Identified the +1 whip "Punyamoacva" {freeze, *Noise rC++
                  | Dex+4}
  4354 | D:5      | Noticed Ijyb
  4360 | D:5      | Killed Ijyb
  4417 | D:5      | Reached skill level 9 in Axes
  5063 | D:6      | Reached skill level 10 in Axes
  5063 | D:6      | Reached XP level 8. HP: 69/71 MP: 8/8
  5456 | D:6      | Reached skill level 11 in Axes
  5645 | D:6      | Reached skill level 12 in Axes
  5714 | D:6      | Found a sparkling altar of Nemelex Xobeh.
  6088 | D:6      | Reached XP level 9. HP: 80/81 MP: 9/9
  6239 | D:6      | Reached *** piety under Trog
  6290 | D:7      | Reached skill level 13 in Axes
  6435 | D:7      | Noticed Maurice
  6436 | D:7      | Paralysed by Maurice for 4 turns
  6441 | D:7      | Maurice stole 19 poisoned darts
  6447 | D:7      | Something stole 280 gold
  6466 | D:7      | Paralysed by something for 2 turns
  6468 | D:7      | Killed Maurice
  6556 | D:7      | Noticed Menkaure
  6562 | D:7      | Killed Menkaure
  6660 | D:7      | Reached skill level 14 in Axes
  6834 | D:7      | Noticed Dowan
  6835 | D:7      | Noticed Duvessa
  6842 | D:7      | Killed Duvessa
  6843 | D:7      | Killed Dowan
  6953 | D:7      | Found a broken altar of Ashenzari.
  7043 | D:7      | Found an ancient bone altar of Kikubaaqudgha.
  7280 | D:7      | Found a staircase to the Ecumenical Temple.
  7390 | D:8      | Reached XP level 10. HP: 93/93 MP: 10/10
  7438 | D:8      | Reached skill level 10 in Fighting
  7710 | D:8      | Reached skill level 15 in Axes
  8030 | D:8      | Found a hazy altar of Hepliaklqana.
  8331 | D:9      | Noticed a two-headed ogre
  8339 | D:9      | Killed a two-headed ogre
  8920 | D:9      | Noticed Maggie
  8926 | D:9      | Killed Maggie
  8927 | D:9      | Reached skill level 16 in Axes
  9376 | D:10     | Entered Level 10 of the Dungeon
  9395 | D:10     | Noticed a two-headed ogre
  9403 | D:10     | Killed a two-headed ogre
  9676 | D:10     | Identified the +1 chain mail "Isyob" {Str+3}
  9687 | D:10     | Found a radiant altar of Vehumet.
  9843 | D:10     | Reached XP level 11. HP: 104/104 MP: 11/11
  9857 | D:10     | Reached skill level 17 in Axes
  9921 | D:10     | Found a runed translucent gate.
  9922 | D:10     | Found a runed translucent gate.
  9922 | D:10     | Found a runed translucent gate.
  9922 | D:10     | Noticed HourglassMan's ghost (journeyman DrFE)
 10030 | D:10     | Found a staircase to the Orcish Mines.
 10117 | D:10     | Found a staircase to the Lair.
 10163 | D:10     | Found a viscous altar of Jiyva.
 10175 | D:10     | Killed HourglassMan's ghost
 10178 | D:10     | Reached **** piety under Trog
 10242 | Lair:1   | Entered Level 1 of the Lair of Beasts
 10245 | Lair:1   | Noticed an eight-headed hydra
 10565 | D:11     | Noticed a two-headed ogre
 10576 | D:11     | Killed a two-headed ogre
 11498 | D:11     | Reached skill level 18 in Axes
 12003 | D:12     | Noticed P0WERM0DE's ghost (journeyman DrFE)
 12003 | D:12     | Noticed a two-headed ogre
 12004 | D:12     | Noticed a tengu warrior
 12004 | D:12     | Noticed a frost giant
 12012 | D:12     | Found a runed translucent gate.
 12169 | D:12     | Noticed a deep elf pyromancer
 12176 | D:12     | Killed a deep elf pyromancer
 12571 | D:12     | Found a runed translucent gate.
 12572 | D:12     | Found a runed translucent gate.
 12980 | D:12     | Killed a two-headed ogre
 12981 | D:12     | Reached skill level 1 in Throwing
 12981 | D:12     | Reached XP level 12. HP: 118/118 MP: 12/12
 12988 | D:12     | Killed a frost giant
 12991 | D:12     | HP: 6/177 [P0WERM0DE's ghost (11)]
 12993 | D:12     | Killed a tengu warrior
 12994 | D:12     | Reached skill level 15 in Fighting
 12995 | D:12     | Slain by a slime creature

Illustrated notes

Levels and vault maps discovered:
D:1:      lightli_iron_boxes, layout_basic,
          shapermc_ecumenical_altar_totnotflames, serial_park_tiny_1
D:2:      layout_basic, basic_altar
D:3:      layout_loops_ring, kennysheep_okawaru_gauntlet,
          kennysheep_small_spiral
D:4:      layout_loops_corners, mainiacjoe_overflow_tiny_flanked,
          gammafunk_ghost_stat_death, chequers_mini_garden,
          nicolae_houndstooth_variations
D:5:      layout_basic, mainiacjoe_overflow_surrounded_room,
          chequers_serial_rivers_room_b, chequers_big_river, lightli_minifort,
          uniq_ijyb
D:6:      layout_loops_ring, kennysheep_mini_moat
D:7:      layout_basic, kiku_gazebo_garden_becter, lemuel_round_altar,
          temple_hall_moat, uniq_menkaure, uniq_maurice, uniq_duvessa
D:8:      layout_gridville, mainiacjoe_overflow_boulevard,
          nicolae_elevator_lobby_plus
D:9:      layout_irregular_city, uniq_maggie
D:10:     layout_cave_pools, general_overflow_altar, lair_entry_dummy,
          orc_0_dummy, gammafunk_ghost_ooze
D:11:     layout_irregular_city
D:12:     layout_stronghold, gammafunk_ghost_split, serial_column_ruins,
          column_ruins_hut_ruined, column_ruins_hut,
          column_ruins_columns_corner, column_ruins_grid_3, column_ruins_grid_2,
          column_ruins_columns_corner, column_ruins_columns_T
Lair:1:   layout_regular_city, grunt_megastairs_4, uniq_jeremiah,
          uniq_prince_ribbit2

Skill      XL: |  1  2  3  4  5  6  7  8  9 10 11 12 |
---------------+-------------------------------------+-----
Fighting       | 4 5 6 8 9 11 14 15 | 15.0
Axes           | 3 4 5 6 8 10 12 14 16 18 | 18.8
Throwing       | 1 |  1.2
Armour         | |  3.2
Shields        | |  3.2
Evocations     | |  0.2

Action                     |  1- 3 |  4- 6 |  7- 9 | 10-12 || total
---------------------------+-------+-------+-------+-------++-------
  Melee: War axe           |    90 |   146 |   304 |   300 ||   840
         Short sword       |       |       |       |     1 ||     1
  Throw: Dart              |       |       |       |     7 ||     7
 Invoke: Trog's Hand       |       |     1 |     2 |     1 ||     4
         Berserk           |       |       |     2 |     2 ||     4
  Evoke: Wand              |       |       |     1 |       ||     1
    Use: Scroll            |       |       |     3 |     2 ||     5
         Potion            |       |       |       |     1 ||     1
 Armour: Scale mail        |    55 |    16 |       |       ||    71
         Plate armour      |       |   104 |   232 |   237 ||   573
  Dodge: Dodged            |    38 |    44 |    89 |    75 ||   246
  Block: Buckler           |    17 |    31 |    49 |    56 ||   153
